[Event "GambitGuide"]
[Site "Internet Chess Club"]
[Date "2014.10.30"]
[Round "1"]
[White "JSBach"]
[Black "puffin"]
[Result "0-1"]
[ICCResult "White checkmated"]
[WhiteElo "1668"]
[BlackElo "1949"]
[Opening "Vienna: `Frankenstein-Dracula' variation"]
[ECO "C27"]
[NIC "VG.02"]
[Time "23:04:30"]
[TimeControl "120+12"]

1. e4 e5 2. Nc3 Nf6 3. Bc4 Nxe4 4. Qh5 Nd6 5. Bb3 Nc6 6. Nb5 g6 7. Qf3 f5 8.
Qd5 Qe7 9. Nxc7+ Kd8 10. Nxa8 b6 11. Ba4 Bb7 12. Nxb6 axb6 13. Qb3 Kc7 14.
Ne2 Nd4 15. Nxd4 exd4+ 16. Kf1 Bg7 17. d3 Re8 18. Be3 dxe3 19. Re1 e2+ 20.
Kg1 Qg5 21. g3 Qg4 22. h3 Qf3 23. Rh2 f4 24. g4 Bd4 25. Bc6 Bxc6 26. Rxe2
Rxe2 27. Qb4 Bxf2+ 28. Kf1 Bc5+ 29. Rf2 Qxf2# {White checkmated} 0-1

[Event "GambitGuide"]
[Site "Internet Chess Club"]
[Date "2014.10.30"]
[Round "1"]
[White "JSBach"]
[Black "searchforbobby1"]
[Result "0-1"]
[ICCResult "White checkmated"]
[WhiteElo "1668"]
[BlackElo "1970"]
[Opening "Vienna: `Frankenstein-Dracula' variation"]
[ECO "C27"]
[NIC "VG.02"]
[Time "23:04:09"]
[TimeControl "120+12"]

1. e4 e5 2. Nc3 Nf6 3. Bc4 Nxe4 4. Qh5 Nd6 5. Bb3 Nc6 6. Nb5 g6 7. Qf3 f5 8.
Qd5 Qe7 9. Nxc7+ Kd8 10. Nxa8 b6 11. Ba4 Bb7 12. Nxb6 axb6 13. Qb3 Kc7 14.
Ne2 Qg5 15. O-O Nd4 16. Qc3+ Kb8 17. Qh3 Nxe2+ 18. Kh1 Nf4 19. Qg3 Bxg2+ 20.
Kg1 Ne2+ 21. Kxg2 Nxg3 22. fxg3 Qe7 23. Kg1 Bg7 24. d3 e4 25. Rf4 Bd4+ 26.
Kh1 h5 27. Rb1 h4 28. Rxh4 Rxh4 29. gxh4 exd3 30. cxd3 Qe1+ 31. Kg2 Qf2+ 32.
Kh1 Qg1# {White checkmated} 0-1

[Event "GambitGuide"]
[Site "Internet Chess Club"]
[Date "2014.10.30"]
[Round "1"]
[White "JSBach"]
[Black "kingsac"]
[Result "1-0"]
[ICCResult "Black resigns"]
[WhiteElo "1668"]
[BlackElo "1964"]
[Opening "Vienna: `Frankenstein-Dracula' variation"]
[ECO "C27"]
[NIC "VG.02"]
[Time "23:04:37"]
[TimeControl "120+12"]

1. e4 e5 2. Nc3 Nf6 3. Bc4 Nxe4 4. Qh5 Nd6 5. Bb3 Nc6 6. Nb5 g6 7. Qf3 f5 8.
Qd5 Qe7 9. Nxc7+ Kd8 10. Nxa8 b6 11. Ba4 Ba6 12. Bxc6 dxc6 13. Qb3 Qb7 14.
Qe6 Nf7 15. Nf3 Bg7 16. d3 Re8 17. Qb3 h6 18. Nd2 Nd6 19. Qb4 c5 20. Qa4 b5
21. Qa5+ Kc8 22. a4 b4 23. Nb3 c4 24. Nc5 {Black resigns} 1-0

[Event "GambitGuide"]
[Site "Internet Chess Club"]
[Date "2014.10.30"]
[Round "1"]
[White "JSBach"]
[Black "puffin"]
[Result "0-1"]
[ICCResult "White checkmated"]
[WhiteElo "1668"]
[BlackElo "1949"]
[Opening "Vienna: `Frankenstein-Dracula' variation"]
[ECO "C27"]
[NIC "VG.02"]
[Time "23:05:50"]
[TimeControl "120+12"]

1. e4 e5 2. Nc3 Nf6 3. Bc4 Nxe4 4. Qh5 Nd6 5. Bb3 Nc6 6. Nb5 g6 7. Qf3 f5 8.
Qd5 Qe7 9. Nxc7+ Kd8 10. Nxa8 b6 11. Ba4 Bb7 12. Nxb6 axb6 13. Qb3 Kc7 14.
Ne2 Nd4 15. Nxd4 exd4+ 16. Kf1 Bg7 17. a3 Re8 18. Qe3 dxe3 19. dxe3 Qe4 20.
Ke1 Qxa4 21. c3 Bxg2 22. Rg1 Bf3 23. Bd2 Ne4 24. Rf1 Qc2 25. Rg1 Qxd2+ 26.
Kf1 Qxf2# {White checkmated} 0-1

[Event "GambitGuide"]
[Site "Internet Chess Club"]
[Date "2014.10.30"]
[Round "1"]
[White "JSBach"]
[Black "captain"]
[Result "0-1"]
[ICCResult "White checkmated"]
[WhiteElo "1668"]
[BlackElo "1146"]
[Opening "Vienna: `Frankenstein-Dracula' variation"]
[ECO "C27"]
[NIC "VG.02"]
[Time "23:05:30"]
[TimeControl "120+12"]

1. e4 e5 2. Nc3 Nf6 3. Bc4 Nxe4 4. Qh5 Nd6 5. Bb3 Nc6 6. Nb5 g6 7. Qf3 f5 8.
Qd5 Qe7 9. Nxc7+ Kd8 10. Nxa8 b6 11. Ba4 Bb7 12. Nxb6 axb6 13. Qb3 b5 14.
Nf3 bxa4 15. Qxa4 Nd4 16. Nxd4 exd4+ 17. Kf1 Bg7 18. b4 Re8 19. Qa5+ Kc8 20.
Qc5+ Kb8 21. Qxd6+ Qxd6 22. Rb1 Qd5 23. f3 g5 24. Rb2 g4 25. Kf2 gxf3 26. g3
Re2+ 27. Kf1 d3 28. cxd3 Bxb2 29. Bxb2 Qxd3 30. Be5+ Kc8 31. Bb2 Qxd2 32.
Bf6 Qd1# {White checkmated} 0-1

[Event "GambitGuide"]
[Site "Internet Chess Club"]
[Date "2014.10.30"]
[Round "1"]
[White "JSBach"]
[Black "Masteroforanges"]
[Result "1-0"]
[ICCResult "Black resigns"]
[WhiteElo "1668"]
[BlackElo "1400"]
[Opening "Vienna: `Frankenstein-Dracula' variation"]
[ECO "C27"]
[NIC "VG.02"]
[Time "23:05:10"]
[TimeControl "120+12"]

1. e4 e5 2. Nc3 Nf6 3. Bc4 Nxe4 4. Qh5 Nd6 5. Bb3 Nc6 6. Nb5 g6 7. Qf3 f5 8.
Qd5 Qe7 9. Nxc7+ Kd8 10. Nxa8 b6 11. Ba4 Bb7 12. Nxb6 Kc7 13. Nc4 Nxc4 14.
Qxc4 Qe6 15. Qxe6 dxe6 16. Ne2 g5 17. Rf1 Nd4 18. f3 Nxe2 19. Kxe2 g4 20.
fxg4 fxg4 21. Rf7+ Kd6 22. Rxb7 e4 23. Rxa7 e5 24. Ke3 Kd5 25. Bb3+ Kd6 26.
Kxe4 Rg8 27. Bxg8 {Black resigns} 1-0

[Event "GambitGuide"]
[Site "Internet Chess Club"]
[Date "2014.10.30"]
[Round "1"]
[White "JSBach"]
[Black "kingsac"]
[Result "1-0"]
[ICCResult "Black resigns"]
[WhiteElo "1668"]
[BlackElo "1964"]
[Opening "Vienna: `Frankenstein-Dracula' variation"]
[ECO "C27"]
[NIC "VG.02"]
[Time "23:06:07"]
[TimeControl "120+12"]

1. e4 e5 2. Nc3 Nf6 3. Bc4 Nxe4 4. Qh5 Nd6 5. Bb3 Nc6 6. Nb5 g6 7. Qf3 f5 8.
Qd5 Qe7 9. Nxc7+ Kd8 10. Nxa8 b6 11. Ba4 Ba6 12. Bxc6 dxc6 13. Qb3 Qb7 14.
Qe6 Nf7 15. Nf3 Bg7 16. d3 Re8 17. Qb3 Re7 18. Ng5 h6 19. Ne6+ Rxe6 20. Qxe6
{Black resigns}
1-0

[Event "GambitGuide"]
[Site "Internet Chess Club"]
[Date "2014.10.30"]
[Round "1"]
[White "JSBach"]
[Black "Manas"]
[Result "1-0"]
[ICCResult "Black resigns"]
[WhiteElo "1668"]
[BlackElo "1624"]
[Opening "Vienna: `Frankenstein-Dracula' variation"]
[ECO "C27"]
[NIC "VG.02"]
[Time "23:02:03"]
[TimeControl "120+12"]

1. e4 e5 2. Nc3 Nf6 3. Bc4 Nxe4 4. Qh5 Nd6 5. Bb3 Nc6 6. Nb5 g6 7. Qf3 f5 8.
Qd5 Qe7 9. Nxc7+ Kd8 10. Nxa8 b6 11. Ba4 Bb7 12. Nxb6 axb6 13. Qb3 Nc8 14.
Ne2 Qb4 15. Qf7 Qe7 16. Qxe7+ Bxe7 17. c3 Kc7 18. d3 d5 19. d4 e4 20. Bb3
Na5 21. Ba4 Nd6 22. Bf4 Bc6 23. Be5 Re8 24. Bc2 Kb7 25. Nf4 Nf7 26. Rb1 Nxe5
27. dxe5 Bg5 28. Nh3 Bh6 29. b4 Nc4 30. b5 Bd7 31. O-O Nd2 32. f4 Nxf1 33.
Kxf1 Rc8 34. Rb3 d4 35. Bxe4+ fxe4 36. cxd4 Bxh3 37. Rxh3 Bxf4 38. Rxh7+ Kb8
39. a4 Rc4 40. g3 Be3 41. Rh8+ Kb7 42. Rh7+ Rc7 43. Rxc7+ Kxc7 44. d5 Bc5
45. Ke2 e3 46. h3 g5 47. h4 g4 48. h5 Kd7 49. h6 Bf8 50. e6+ Kd6 51. h7 Bg7
52. Kxe3 Kxd5 53. e7 {Black resigns} 1-0

[Event "GambitGuide"]
[Site "Internet Chess Club"]
[Date "2014.10.30"]
[Round "1"]
[White "JSBach"]
[Black "Masteroforanges"]
[Result "1-0"]
[ICCResult "Black resigns"]
[WhiteElo "1668"]
[BlackElo "1400"]
[Opening "Vienna: `Frankenstein-Dracula' variation"]
[ECO "C27"]
[NIC "VG.02"]
[Time "23:06:45"]
[TimeControl "120+12"]

1. e4 e5 2. Nc3 Nf6 3. Bc4 Nxe4 4. Qh5 Nd6 5. Bb3 Nc6 6. Nb5 g6 7. Qf3 f5 8.
Qd5 Qe7 9. Nxc7+ Kd8 10. Nxa8 b6 11. Ba4 Bb7 12. Nxb6 Kc7 13. Nc4 Nxc4 14.
Qxc4 Qe6 15. Qxe6 dxe6 16. d3 Nd4 17. f3 Nxc2+ 18. Bxc2 {Black resigns} 1-0

[Event "GambitGuide"]
[Site "Internet Chess Club"]
[Date "2014.10.30"]
[Round "1"]
[White "JSBach"]
[Black "kingsac"]
[Result "1-0"]
[ICCResult "Black resigns"]
[WhiteElo "1668"]
[BlackElo "1964"]
[Opening "Vienna: `Frankenstein-Dracula' variation"]
[ECO "C27"]
[NIC "VG.02"]
[Time "23:06:53"]
[TimeControl "120+12"]

1. e4 e5 2. Nc3 Nf6 3. Bc4 Nxe4 4. Qh5 Nd6 5. Bb3 Nc6 6. Nb5 g6 7. Qf3 f5 8.
Qd5 Qe7 9. Nxc7+ Kd8 10. Nxa8 b6 11. Ba4 Bb7 12. Nxb6 axb6 13. Qb3 Kc7 14.
Ne2 Bg7 15. a3 e4 16. Nc3 Bxc3 17. Qxc3 Re8 18. Bb3 Nb5 19. Qc4 Ba6 20. a4
{Black resigns}
1-0

[Event "GambitGuide"]
[Site "Internet Chess Club"]
[Date "2014.10.30"]
[Round "1"]
[White "JSBach"]
[Black "Ernie1"]
[Result "1-0"]
[ICCResult "Black resigns"]
[WhiteElo "1668"]
[BlackElo "1381"]
[Opening "Vienna: `Frankenstein-Dracula' variation"]
[ECO "C27"]
[NIC "VG.02"]
[Time "23:06:46"]
[TimeControl "120+12"]

1. e4 e5 2. Nc3 Nf6 3. Bc4 Nxe4 4. Qh5 Nd6 5. Bb3 Nc6 6. Nb5 g6 7. Qf3 f5 8.
Qd5 Qe7 9. Nxc7+ Kd8 10. Nxa8 b6 11. Ba4 Nd4 12. f4 Bb7 13. Qxe5 Bxg2 14.
Nxb6 axb6 15. c3 Ne6 16. Kd1 Bxh1 17. Qxh8 Nxf4 18. Qd4 Ne4 19. d3 Bg7 20.
Qxb6+ Ke8 21. Bxf4 Nf2+ 22. Qxf2 {Black resigns} 1-0

[Event "GambitGuide"]
[Site "Internet Chess Club"]
[Date "2014.10.30"]
[Round "1"]
[White "JSBach"]
[Black "Masteroforanges"]
[Result "1-0"]
[ICCResult "Black resigns"]
[WhiteElo "1668"]
[BlackElo "1400"]
[Opening "Vienna: `Frankenstein-Dracula' variation"]
[ECO "C27"]
[NIC "VG.02"]
[Time "23:07:34"]
[TimeControl "120+12"]

1. e4 e5 2. Nc3 Nf6 3. Bc4 Nxe4 4. Qh5 Nd6 5. Bb3 Nc6 6. Nb5 g6 7. Qf3 f5 8.
Qd5 Qe7 9. Nxc7+ Kd8 10. Nxa8 b6 11. Ba4 Bb7 12. Nxb6 Kc7 13. Nc4 Nxc4 14.
Qxc4 Qe6 15. Qxe6 dxe6 16. d3 Nd4 17. f3 Bc6 18. Bb3 Kd7 19. Kd2 e4 20. dxe4
fxe4 21. c3 Nb5 22. Ke2 exf3+ 23. Nxf3 Bxf3+ 24. Kxf3 h5 25. Bc2 Rh6 26.
Bxh6 {Black resigns} 1-0

[Event "GambitGuide"]
[Site "Internet Chess Club"]
[Date "2014.10.30"]
[Round "1"]
[White "JSBach"]
[Black "kingsac"]
[Result "1-0"]
[ICCResult "Black resigns"]
[WhiteElo "1668"]
[BlackElo "1964"]
[Opening "Vienna: `Frankenstein-Dracula' variation"]
[ECO "C27"]
[NIC "VG.02"]
[Time "23:07:41"]
[TimeControl "120+12"]

1. e4 e5 2. Nc3 Nf6 3. Bc4 Nxe4 4. Qh5 Nd6 5. Bb3 Nc6 6. Nb5 g6 7. Qf3 f5 8.
Qd5 Qe7 9. Nxc7+ Kd8 10. Nxa8 b6 11. Ba4 Bb7 12. Nxb6 axb6 13. Qb3 Nc8 14.
Nf3 e4 15. Ng1 Bg7 16. Qd5 Na5 17. Qxd7+ Qxd7 18. Bxd7 Kxd7 19. Rb1 Nc4 20.
b3 N4d6 21. Ne2 Ne7 22. Rg1 Nd5 23. Ba3 Nb5 24. Bb2 Bxb2 25. Rxb2 Kc6 26. c4
Nb4 27. cxb5+ Kxb5 28. Nf4 g5 29. a3 gxf4 30. axb4 Kxb4 31. Kd1 Bd5 32. Ke2
Ra8 33. Re1 Ra3 34. d4 Rxb3 35. Rxb3+ Bxb3 36. Rb1 b5 37. Rxb3+ Kxb3 38. d5
Ka2 39. d6 b4 40. d7 b3 41. d8=Q b2 42. Qd5+ Ka1 43. Qa5+ Kb1 44. Qxf5 Kc1
45. Qxf4+ Kc2 46. Qxe4+ Kc1 47. Qe3+ {Black resigns} 1-0

[Event "GambitGuide"]
[Site "Internet Chess Club"]
[Date "2014.10.30"]
[Round "1"]
[White "JSBach"]
[Black "Masteroforanges"]
[Result "1-0"]
[ICCResult "Black resigns"]
[WhiteElo "1668"]
[BlackElo "1400"]
[Opening "Vienna: `Frankenstein-Dracula' variation"]
[ECO "C27"]
[NIC "VG.02"]
[Time "23:09:19"]
[TimeControl "120+12"]

1. e4 e5 2. Nc3 Nf6 3. Bc4 Nxe4 4. Qh5 Nd6 5. Bb3 Nc6 6. Nb5 g6 7. Qf3 f5 8.
Qd5 Qe7 9. Nxc7+ Kd8 10. Nxa8 b6 11. Ba4 Bb7 12. Nxb6 Kc7 13. Nc4 Nxc4 14.
Qxc4 Qe6 15. Qxe6 dxe6 16. d3 Nd4 17. f3 g5 18. c3 Nc6 19. Bxg5 e4 20. dxe4
fxe4 21. fxe4 Be7 22. Bxc6 Kxc6 23. Bxe7 Re8 24. Bf6 Rf8 25. e5 Kc7 26. Kf2
Rg8 27. Nf3 Rg6 28. Rhf1 Rg4 29. Rac1 Rf4 30. Kg3 Re4 31. Ng5 Rf4 32. Nxe6+
{Black resigns}
1-0

[Event "GambitGuide"]
[Site "Internet Chess Club"]
[Date "2014.10.30"]
[Round "1"]
[White "JSBach"]
[Black "kingsac"]
[Result "1-0"]
[ICCResult "Black resigns"]
[WhiteElo "1668"]
[BlackElo "1964"]
[Opening "Vienna: `Frankenstein-Dracula' variation"]
[ECO "C27"]
[NIC "VG.02"]
[Time "23:09:22"]
[TimeControl "120+12"]

1. e4 e5 2. Nc3 Nf6 3. Bc4 Nxe4 4. Qh5 Nd6 5. Bb3 Nc6 6. Nb5 g6 7. Qf3 f5 8.
Qd5 Qe7 9. Nxc7+ Kd8 10. Nxa8 b6 11. Ba4 Ba6 12. Bxc6 dxc6 13. Qb3 Qb7 14.
Qe6 Nf7 15. Nf3 Bg7 16. d3 Re8 17. Qb3 h6 18. Nd2 Re7 19. Qa3 c5 20. f3 Bb5
21. Nc4 Bxc4 22. Nxb6 axb6 23. dxc4 Rd7 24. O-O e4 25. Be3 exf3 26. Rxf3 Bd4
27. c3 Bxe3+ 28. Rxe3 Nd6 29. Qb3 Ne4 30. Rae1 Rd2 31. Kh1 Rf2 32. Qb5 Rxg2
33. Rd3+ Ke7 34. Kxg2 Kf6 35. Rd7 Qa8 36. Qxb6+ Kg5 37. Qd8+ Qxd8 38. Rxd8
{Black resigns}
1-0

[Event "GambitGuide"]
[Site "Internet Chess Club"]
[Date "2014.10.30"]
[Round "1"]
[White "JSBach"]
[Black "kingsac"]
[Result "1-0"]
[ICCResult "Black checkmated"]
[WhiteElo "1668"]
[BlackElo "1964"]
[Opening "Vienna: `Frankenstein-Dracula' variation"]
[ECO "C27"]
[NIC "VG.02"]
[Time "23:11:39"]
[TimeControl "120+12"]

1. e4 e5 2. Nc3 Nf6 3. Bc4 Nxe4 4. Qh5 Nd6 5. Bb3 Nc6 6. Nb5 g6 7. Qf3 f5 8.
Qd5 Qe7 9. Nxc7+ Kd8 10. Nxa8 b6 11. Ba4 Ba6 12. Bxc6 dxc6 13. Qb3 Qb7 14.
Qe6 Nf7 15. Rb1 Bd6 16. d3 Re8 17. Bg5+ Be7 18. Bf6 Bxf6 19. Qxf6+ Kc8 20.
b4 Qe7 21. Qxc6+ Kb8 22. Nc7 Rc8 23. Nxa6# {Black checkmated} 1-0

[Event "GambitGuide"]
[Site "Internet Chess Club"]
[Date "2014.10.30"]
[Round "1"]
[White "JSBach"]
[Black "Spirals"]
[Result "1-0"]
[ICCResult "Black checkmated"]
[WhiteElo "1668"]
[BlackElo "2176"]
[Opening "Vienna: `Frankenstein-Dracula' variation"]
[ECO "C27"]
[NIC "VG.02"]
[Time "23:11:22"]
[TimeControl "120+12"]

1. e4 e5 2. Nc3 Nf6 3. Bc4 Nxe4 4. Qh5 Nd6 5. Bb3 Nc6 6. Nb5 g6 7. Qf3 f5 8.
Qd5 Qe7 9. Nxc7+ Kd8 10. Nxa8 b6 11. Ba4 Bb7 12. Nxb6 axb6 13. Qb3 Kc7 14.
Ne2 Nd4 15. Nxd4 exd4+ 16. Kf1 Qe6 17. Qb4 Qc4+ 18. Qxc4+ Nxc4 19. Bb5 d5
20. Ke2 Bd6 21. d3 Ne5 22. Re1 Bc6 23. Bxc6 Kxc6 24. Bd2 Ng4 25. h4 b5 26.
g3 h5 27. Kf1 b4 28. Re6 Kd7 29. Rxg6 Re8 30. Rg7+ Kc6 31. Rg5 Ne5 32. Rxf5
Ng4 33. Rxh5 Rf8 34. f4 Ne3+ 35. Bxe3 dxe3 36. Ke2 d4 37. Rc1 Rg8 38. Rg5
Rf8 39. h5 Rh8 40. Rf1 Bc5 41. Rg6+ Kb5 42. h6 Bf8 43. Rh1 Rh7 44. Rh5+ Ka4
45. Ra6# {Black checkmated} 1-0

[Event "GambitGuide"]
[Site "Internet Chess Club"]
[Date "2014.10.30"]
[Round "1"]
[White "JSBach"]
[Black "kingsac"]
[Result "1-0"]
[ICCResult "Black checkmated"]
[WhiteElo "1668"]
[BlackElo "1964"]
[Opening "Vienna: `Frankenstein-Dracula' variation"]
[ECO "C27"]
[NIC "VG.02"]
[Time "23:12:45"]
[TimeControl "120+12"]

1. e4 e5 2. Nc3 Nf6 3. Bc4 Nxe4 4. Qh5 Nd6 5. Bb3 Nc6 6. Nb5 g6 7. Qf3 f5 8.
Qd5 Qe7 9. Nxc7+ Kd8 10. Nxa8 b6 11. Ba4 Ba6 12. Bxc6 dxc6 13. Qb3 Qb7 14.
Qe6 Qe7 15. Qb3 Qb7 16. Qe6 Qe7 17. Qb3 Qb7 18. Qe6 Qe7 19. Qb3 Qb7 20. Qe6
Qe7 21. Qb3 Qb7 22. Qe6 Qe7 23. Qb3 Qb7 24. Qe6 Nf7 25. Nf3 Bg7 26. d3 Re8
27. Qb3 h6 28. Nd2 Kc8 29. g4 f4 30. g5 Nxg5 31. h4 Nf7 32. Rg1 Nh8 33. Qa3
Bf8 34. b4 c5 35. bxc5 Bxc5 36. Qa4 b5 37. Qa5 Re6 38. Qc3 Rc6 39. Qxe5 Qf7
40. Qxh8+ Kb7 41. Nf3 Re6+ 42. Kf1 Qf5 43. Rg2 b4 44. Qd8 Rd6 45. Qe8 Rxd3
46. cxd3 Bxd3+ 47. Kg1 Be4 48. Ne5 Bxg2 49. Kxg2 Qe4+ 50. f3 Qe2+ 51. Kh3
Qf1+ 52. Kg4 Qg2+ 53. Kxf4 Qh2+ 54. Ke4 Qxh4+ 55. Bf4 g5 56. Qc6+ Kb8 57.
Nd7# {Black checkmated} 1-0

[Event "GambitGuide"]
[Site "Internet Chess Club"]
[Date "2014.10.30"]
[Round "1"]
[White "JSBach"]
[Black "Spirals"]
[Result "0-1"]
[ICCResult "White checkmated"]
[WhiteElo "1668"]
[BlackElo "2176"]
[Opening "Vienna: `Frankenstein-Dracula' variation"]
[ECO "C27"]
[NIC "VG.02"]
[Time "23:14:12"]
[TimeControl "120+12"]

1. e4 e5 2. Nc3 Nf6 3. Bc4 Nxe4 4. Qh5 Nd6 5. Bb3 Nc6 6. Nb5 g6 7. Qf3 f5 8.
Qd5 Qe7 9. Nxc7+ Kd8 10. Nxa8 b6 11. Ba4 Bb7 12. Nxb6 axb6 13. Qb3 Kc7 14.
Ne2 Bg7 15. Nc3 Nd4 16. Nd5+ Bxd5 17. Qxd5 Qe6 18. Qxe6 dxe6 19. c3 b5 20.
Bd1 Nc6 21. Bb3 Kd7 22. d3 e4 23. d4 Na5 24. Bc2 Nac4 25. h4 h5 26. b3 Nb6
27. Be3 Rc8 28. c4 bxc4 29. b4 Nd5 30. a3 f4 31. Bd2 Bxd4 32. Ba4+ Ke7 33.
Rd1 e3 34. Bxe3 Bxe3 35. fxe3 Nxe3 36. Rd4 e5 37. Rd2 c3 38. Ra2 Ne4 39. Bc2
Nxg2+ 40. Kf1 Ne3+ 41. Ke1 Ng3 42. Rh2 Nxc2+ 43. Raxc2 Ke6 44. a4 Rc4 45. a5
Rxb4 46. Kf2 Ra4 47. Kf3 Rxa5 48. Rxc3 Kf5 49. Rhc2 e4+ 50. Kf2 Kg4 51. Rc4
Kxh4 52. Rb2 Kg4 53. Kg1 g5 54. Rbc2 h4 55. Kh2 e3 56. Kg2 e2 57. Rc1 Rd5
58. Re1 Rd1 59. Kf2 Rxe1 60. Kxe1 h3 61. Rc7 h2 62. Rh7 h1=Q+ 63. Rxh1 Nxh1
64. Kxe2 Ng3+ 65. Kd3 Kf3 66. Kc4 Ne2 67. Kd3 g4 68. Kc4 g3 69. Kc5 g2 70.
Kc4 g1=Q 71. Kb5 Qd4 72. Kc6 Qe5 73. Kb7 Qc3 74. Kb8 Qg7 75. Ka8 Nd4 76. Kb8
Ke4 77. Ka8 Kd5 78. Kb8 Kc6 79. Kc8 Qf8# {White checkmated} 0-1

[Event "GambitGuide"]
[Site "Internet Chess Club"]
[Date "2014.10.30"]
[Round "1"]
[White "JSBach"]
[Black "raamkrissh"]
[Result "1-0"]
[ICCResult "Black resigns"]
[WhiteElo "1668"]
[BlackElo "1602"]
[Opening "Vienna: `Frankenstein-Dracula' variation"]
[ECO "C27"]
[NIC "VG.02"]
[Time "23:16:07"]
[TimeControl "120+12"]

1. e4 e5 2. Nc3 Nf6 3. Bc4 Nxe4 4. Qh5 Nd6 5. Bb3 Nc6 6. Nb5 g6 7. Qf3 f5 8.
Qd5 Qe7 9. Nxc7+ Kd8 10. Nxa8 b6 11. Ba4 Na5 12. d4 Bb7 13. Qxe5 Qxe5+ 14.
dxe5 Bxa8 15. exd6 Bxg2 16. Bg5+ Kc8 17. Bf6 Rg8 18. b4 Bxh1 19. bxa5 Bxd6
20. axb6 axb6 21. O-O-O Ba3+ 22. Kb1 d5 23. Bc6 Kc7 24. Bxd5 Bxd5 25. Rxd5
Re8 26. Re5 Rd8 27. Bxd8+ Kxd8 28. f4 {Black resigns} 1-0

[Event "GambitGuide"]
[Site "Internet Chess Club"]
[Date "2014.10.30"]
[Round "1"]
[White "JSBach"]
[Black "kingsac"]
[Result "1-0"]
[ICCResult "Black resigns"]
[WhiteElo "1668"]
[BlackElo "1964"]
[Opening "Vienna: `Frankenstein-Dracula' variation"]
[ECO "C27"]
[NIC "VG.02"]
[Time "23:15:51"]
[TimeControl "120+12"]

1. e4 e5 2. Nc3 Nf6 3. Bc4 Nxe4 4. Qh5 Nd6 5. Bb3 Nc6 6. Nb5 g6 7. Qf3 f5 8.
Qd5 Qe7 9. Nxc7+ Kd8 10. Nxa8 b6 11. Ba4 Ba6 12. Bxc6 dxc6 13. Qb3 Qb7 14.
Qe6 Nf7 15. Ne2 Bg7 16. b4 Re8 17. Qb3 Bxe2 18. Kxe2 Re7 19. Nxb6 Qxb6 20.
Ke1 e4 21. Bb2 Bxb2 22. Qxb2 Ne5 23. Qc3 Ng4 24. Qc5 Qxc5 25. bxc5 Rb7 26.
h3 Ne5 27. Ke2 Rb2 28. c3 Nc4 29. Rhd1 Ke7 30. f3 exf3+ 31. gxf3 Ke6 32. Ke1
Ke5 33. d4+ Kf4 34. d5 cxd5 35. Rxd5 Kxf3 36. Rd7 Re2+ 37. Kf1 Ne3+ 38. Kg1
Rg2+ 39. Kh1 Kg3 40. Rg1 Kxh3 41. Rxg2 Nxg2 42. Rd3+ Ne3 43. Rxe3+ Kg4 44.
c6 {Black resigns} 1-0

[Event "GambitGuide"]
[Site "Internet Chess Club"]
[Date "2014.10.30"]
[Round "1"]
[White "JSBach"]
[Black "JoseLL23"]
[Result "1-0"]
[ICCResult "Black resigns"]
[WhiteElo "1668"]
[BlackElo "1601"]
[Opening "Vienna: `Frankenstein-Dracula' variation"]
[ECO "C27"]
[NIC "VG.02"]
[Time "23:14:56"]
[TimeControl "120+12"]

1. e4 e5 2. Nc3 Nf6 3. Bc4 Nxe4 4. Qh5 Nd6 5. Bb3 Nc6 6. Nb5 g6 7. Qf3 f5 8.
Qd5 Qe7 9. Nxc7+ Kd8 10. Nxa8 b6 11. Ba4 Bb7 12. Nxb6 axb6 13. Qb3 b5 14.
Nf3 bxa4 15. Qxa4 e4 16. Nd4 Nxd4 17. Qxd4 Rg8 18. O-O Bg7 19. Qc5 Qe5 20.
Qa7 Ke7 21. Qa4 Qb5 22. Qxb5 Nxb5 23. a4 Nd4 24. c3 Ne2+ 25. Kh1 Ra8 26. b4
Nxc1 27. Rfxc1 Bd5 28. a5 Bc4 29. f4 Kd6 30. Re1 Kc6 31. h3 d5 32. g4 d4 33.
gxf5 gxf5 34. Rg1 Ra7 35. Rac1 e3 36. cxd4 Bxd4 37. d3 Kd5 38. dxc4+
{Black resigns}
1-0

[Event "GambitGuide"]
[Site "Internet Chess Club"]
[Date "2014.10.30"]
[Round "1"]
[White "JSBach"]
[Black "kingsac"]
[Result "1-0"]
[ICCResult "Black resigns"]
[WhiteElo "1668"]
[BlackElo "1964"]
[Opening "Vienna: `Frankenstein-Dracula' variation"]
[ECO "C27"]
[NIC "VG.02"]
[Time "23:17:37"]
[TimeControl "120+12"]

1. e4 e5 2. Nc3 Nf6 3. Bc4 Nxe4 4. Qh5 Nd6 5. Bb3 Nc6 6. Nb5 g6 7. Qf3 f5 8.
Qd5 Qe7 9. Nxc7+ Kd8 10. Nxa8 b6 11. Ba4 Ba6 12. Bxc6 dxc6 13. Qb3 Qb7 14.
Qe6 Qe7 15. Qb3 Qb7 16. Qe6 Nf7 17. b3 Bg7 18. f4 exf4 19. d4 Re8 20. Qxe8+
Kxe8 21. Bxf4 Bxd4 22. Nc7+ Ke7 23. O-O-O Be3+ 24. Bxe3 Qxc7 25. Re1 Kf8 26.
Bd4 c5 27. Bc3 Ng5 28. Bd2 Ne4 29. Bh6+ Kf7 30. Nf3 c4 31. b4 c3 32. Ng5+
Nxg5 33. Bxg5 Qc4 34. Re7+ Kf8 35. Rd1 Qc8 36. Rxa7 Be2 37. Rd8+ Qxd8 38.
Bxd8 {Black resigns} 1-0

[Event "GambitGuide"]
[Site "Internet Chess Club"]
[Date "2014.10.30"]
[Round "1"]
[White "JSBach"]
[Black "kingsac"]
[Result "1-0"]
[ICCResult "Black resigns"]
[WhiteElo "1668"]
[BlackElo "1964"]
[Opening "Vienna: `Frankenstein-Dracula' variation"]
[ECO "C27"]
[NIC "VG.02"]
[Time "23:19:37"]
[TimeControl "120+12"]

1. e4 e5 2. Nc3 Nf6 3. Bc4 Nxe4 4. Qh5 Nd6 5. Bb3 Nc6 6. Nb5 g6 7. Qf3 f5 8.
Qd5 Qe7 9. Nxc7+ Kd8 10. Nxa8 b6 11. Ba4 Ba6 12. Bxc6 dxc6 13. Qb3 Qb7 14.
Qe6 Nf7 15. Rb1 Bg7 16. Qb3 Rf8 17. Qa4 Bb5 18. Qh4+ Ke8 19. Qxh7 Nh8 20.
Nf3 e4 21. Ne5 Rf7 22. Nxf7 Nxf7 23. Qxg7 {Black resigns} 1-0

[Event "GambitGuide"]
[Site "Internet Chess Club"]
[Date "2014.10.30"]
[Round "1"]
[White "JSBach"]
[Black "raamkrissh"]
[Result "0-1"]
[ICCResult "White checkmated"]
[WhiteElo "1668"]
[BlackElo "1602"]
[Opening "Vienna: `Frankenstein-Dracula' variation"]
[ECO "C27"]
[NIC "VG.02"]
[Time "23:17:54"]
[TimeControl "120+12"]

1. e4 e5 2. Nc3 Nf6 3. Bc4 Nxe4 4. Qh5 Nd6 5. Bb3 Nc6 6. Nb5 g6 7. Qf3 f5 8.
Qd5 Qe7 9. Nxc7+ Kd8 10. Nxa8 b6 11. Ba4 Bb7 12. Nxb6 axb6 13. Qb3 Kc7 14.
Ne2 Na5 15. Qg3 Ne4 16. Qh3 d6 17. d3 Ng5 18. Qg3 f4 19. Qg4 h5 20. Qd7+
Qxd7 21. Bxd7 Kxd7 22. f3 Ne6 23. O-O g5 24. Bd2 Nc6 25. a3 g4 26. Bc3 Rg8
27. fxg4 hxg4 28. Rac1 Ne7 29. Rce1 Nd5 30. Kf2 Ne3 31. Rg1 Ng7 32. g3 Nxc2
33. Rc1 fxg3+ 34. Nxg3 Nd4 35. Rgf1 Ngf5 36. Nh5 Ke6 37. Ke1 Nf3+ 38. Ke2
Nxh2 39. Rg1 Nf3 40. Rgf1 Rg5 41. Rh1 Rxh5 42. Rxh5 Ng3+ 43. Ke3 Nxh5 44.
Rf1 g3 45. Ra1 g2 46. Kf2 Nf4 47. b3 Be7 48. d4 Bh4+ 49. Ke3 g1=Q+ 50. Rxg1
Nxg1 51. dxe5 dxe5 52. Bd2 Nd5+ 53. Kd3 e4+ 54. Kxe4 Nh3 55. Kf3 Nf2 56. Be1
Nf6+ 57. Ke2 Ba6+ 58. Kf3 Ke5 59. Bxf2 Bxf2 60. Kxf2 Kd4 61. Kg1 Kc3 62. b4
Bb5 63. Kh2 Kb3 64. Kg3 Kxa3 65. Kf4 Kxb4 66. Kf5 Kc3 67. Kxf6 Bd3 68. Ke5
b5 69. Kf4 b4 70. Ke3 b3 71. Kf3 b2 72. Kf4 b1=Q 73. Ke5 Qb4 74. Kd5 Bb1 75.
Ke5 Qd4+ 76. Ke6 Ba2+ 77. Kf5 Kd3 78. Kg5 Qe4 79. Kf6 Bb1 80. Kg5 Ke3 81.
Kf6 Qd5 82. Ke7 Qc6 83. Kf7 Qd6 84. Kg7 Qe6 85. Kf8 Qd7 86. Kg8 Qe7 87. Kh8
Kf4 88. Kg8 Kg5 89. Kh8 Kg6 90. Kg8 Qg7# {White checkmated} 0-1